[Event "FIDE Candidates 2026"]
[White "Caruana,Fabiano"]
[Black "Nakamura,Hikaru"]
[Site "Agios Georgios Pegeia"]
[Round "1.1"]
[Annotator "TA"]
[Result "1-0"]
[Date "2026.03.29"]
[WhiteElo "2795"]
[BlackElo "2810"]
[PlyCount "165"]
[TimeControl "60"]

1. Nf3 d5 2. c4 e6 3. g3 d4 4. Bg2 Nc6 5. O-O Bc5 6. e3 {[%emt 0:5:16] A13: English Opening: 1...e6.} Nge7 7. Nxd4 $5 {[%emt 0:0:21][%mdl 4] A promising side line.} Nxd4 8. b4 {[%emt 0:0:12] The position is equal.} Bxb4 9. exd4 {[%emt 0:0:4] [#] Hoping for Qa4+.} O-O 10. Qb3 $146 ({Predecessor:} 10. Bb2 c6 11. Qb3 Ba5 12. Nc3 Nf5 13. Ne2 Bxd2 14. Rfd1 Bg5 15. a4 Bf6 16. a5 {1-0 Strybuk,A (2437)-Svane,R (2624) Titled Tuesday intern op 07th Jan Early blitz 2025 (11)} )Ba5 11. Nc3 Nf5 12. Ba3 Re8 13. d5 Nd4 14. Qa4 b6 15. Rae1 Bd7 16. Qd1 c5 17. Bb2 Rb8 18. a4 a6 {[%emt 0:4:31] Inhibits Nb5.} 19. dxe6 Bxe6 20. Nd5 Qd6 21. Bxd4 cxd4 22. Re4 Bxd5 23. Rxe8+ Rxe8 24. Bxd5 Bb4 25. h4 a5 26. d3 Qf6 27. Kg2 Qe5 28. Qf3 Qf6 29. Qg4 Bc5 30. h5 {[%emt 0:0:27] Black is weak on the light squares} h6 31. Rh1 Qg5 32. Qd1 Qe7 33. Bc6 Rc8 34. Re1 Qc7 35. Bd5 Kf8 (35... Qd7 $16 36. Re4 Re8 )36. Qg4 $18 Rd8 37. Qe4 Kg8 {[%emt 0:0:15] Prevents Qh7+.} 38. Qf5 Qd7 39. Qf3 Rf8 40. Re5 Bd6 41. Rf5 Qe7 42. Qg4 Be5 43. Rf3 Bf6 44. Rf4 Qd8 45. Be4 {[%emt 0:3:24] White is much more active.} Re8 46. Rf5 Qd7 47. Qf4 Bg5 48. Qf3 Qc7 (48... Rf8 49. Rb5 Bd8 )49. Rxf7 Qxf7 50. Bd5 Re6 51. Qg4 Kf8 52. Bxe6 {[%emt 0:0:6][%mdl 4096] Endgame KQB-KQB. White is a pawn up.} Qe8 53. Bd7 Qa8+ 54. Kg1 Bf6 55. Qe6 Qd8 56. Bc6 Qe7 57. Qc8+ Qd8 58. Qb7 Be5 59. Bd5 Qc7 60. Qa8+ Ke7 61. Qg8 Kd6 62. Be4 Ke7 (62... Kc5 63. Qd5+ Kb4 64. Qb5+ Ka3 )63. Bg6 Bf6 64. Qf7+ Kd6 65. Qd5+ Ke7 66. Bf5 {[%emt 0:0:21] Prevents Qd7} Be5 $2 {[%emt 0:3:31] [#]} (66... Kf8 67. Qe6 Qe5 )67. f4 $2 (67. Qe6+ Kd8 68. f4 )Bf6 68. Kg2 Qd6 69. Qb7+ Kf8 70. Kf3 Qe7 71. Qe4 (71. Qxb6 Qe3+ 72. Kg2 Qe2+ 73. Kg1 Qe1+ 74. Kh2 Qe2+ 75. Kg1 Qe1+ 76. Kg2 Qe2+ 77. Kg1 $11 )Qxe4+ $2 (71... Qf7 $16 {might work better.} )72. dxe4 $16 {[%emt 0:0:39] KB-KB. White is a pawn up.} (72. Bxe4 Be7 73. Bf5 Bc5 $16 )(72. Kxe4 $2 Ke7 73. Kd5 Ke8 $16 )Be7 73. e5 Bb4 74. Bd3 Be1 75. g4 Ke7 $2 (75... Bd2 76. Ke4 Kf7 )76. Ke4 $18 Bg3 $2 (76... Ke8 77. g5 (77. Kxd4 $2 Bd2 $18 )hxg5 78. fxg5 Bd2 )77. f5 $2 (77. g5 $18 {has better winning chances.} hxg5 78. fxg5 )Kd7 $2 (77... Bh4 $16 78. Kxd4 Kd7 )78. Kd5 (78. g5 $142 )Bh4 $2 (78... Bf4 $18 79. Kxd4 Bc1 )79. f6 (79. c5 $142 bxc5 80. Bb5+ (80. Kxc5 Bg5 $16 )Ke7 81. Kxc5 )gxf6 $16 80. e6+ ({Don't play} 80. Kxd4 $6 fxe5+ 81. Kd5 (81. Kxe5 Kc6 $11 )e4 82. Bxe4 Be7 $14 )Ke7 $2 (80... Kc7 $16 )81. Kc6 $18 {[%emt 0:0:5] White is clearly winning.} Kxe6 82. Kxb6 Be1 83. c5 {[%emt 0:1:4] Weighted Error Value: White=0.05 (flawless) /Black=0.09 (flawless)   Loses game:     	---       	Black=3      Missed win:     	White=1     	---        Mistake:       	White=1     	Black=7      Inaccurate:     	White=2     	Black=1      OK:         	White=13    	Black=8      Best:        	---       	Black=1} 1-0

[Event "FIDE Candidates 2026"]
[White "Praggnanandhaa R"]
[Black "Giri,Anish"]
[Site "Agios Georgios Pegeia"]
[Round "1.2"]
[Annotator "TA"]
[Result "1-0"]
[Date "2026.03.29"]
[WhiteElo "2741"]
[BlackElo "2753"]
[PlyCount "101"]
[TimeControl "60"]

1. e4 c5 2. Nc3 d6 3. f4 g6 4. Nf3 Bg7 5. Bb5+ Bd7 6. a4 {[%emt 0:0:15] B23: Closed Sicilian: Lines without g3.} Nc6 7. O-O a6 8. Bc4 {[%emt 0:0:8] The position is equal.} e6 9. d3 Nge7 10. f5 exf5 11. Qe1 Be6 (11... Nb4 $15 12. Qf2 Be6 )12. exf5 $11 gxf5 $146 ({Predecessor:} 12... Bxc4 13. dxc4 Qd7 14. Nd5 gxf5 15. Bh6 Bxh6 16. Nf6+ Kd8 17. Nxd7 Kxd7 18. Rd1 Rae8 19. Ne5+ Nxe5 20. Qxe5 Nc8 21. Qxf5+ {1-0 Weeramantry,S (2047)-Lundstrom,B (1883) Denver op 2019 (2)} )13. Bxe6 fxe6 14. Qxe6 Qd7 15. Qc4 O-O-O 16. Bg5 Rde8 17. Rae1 Ng6 18. Nd5 Kb8 19. Nf6 Bxf6 20. Bxf6 Rhf8 21. Bc3 f4 22. Rxe8+ Rxe8 23. Re1 Rf8 24. Qe6 Qxe6 25. Rxe6 Kc7 26. Ng5 Kd7 {[%emt 0:1:1] [#] ...Rf5 is the strong threat.} 27. Re4 {[%emt 0:8:25] White is more active.} Rf5 28. Nxh7 d5 29. Re2 d4 30. Be1 Nce5 31. Re4 Ng4 32. h3 Ne3 33. c3 Nd5 {[%emt 0:5:53] [#] White stays focused until the end.} ({Black should try} 33... dxc3 $14 34. bxc3 (34. Bxc3 $2 Nd5 $16 )b5 )34. h4 $1 $16 ({Worse is} 34. cxd4 Rh5 35. dxc5 Rxh7 $17 )dxc3 35. bxc3 Rh5 36. Ng5 Nf6 (36... b5 $16 {might work better.} 37. c4 Nc7 38. cxb5 axb5 39. axb5 Nxb5 )37. Re6 $18 Rxg5 38. Rxf6 {[%emt 0:0:4][%mdl 4096] Endgame KRB-KRN. White is a pawn up.} Rg4 39. h5 Ne5 40. h6 Nf3+ 41. Kf1 Nxe1 42. Kxe1 Rxg2 43. Rxf4 {[%emt 0:0:25] KR-KR. White is a pawn up.} Rh2 {[%emt 0:0:31] Against Rh4} 44. Rf6 Rh3 45. Kd2 Rh2+ 46. Ke3 Rh3+ $2 (46... b5 47. Rxa6 b4 48. cxb4 cxb4 )47. Ke4 c4 48. dxc4 Rxc3 49. Kf5 Ke7 50. Rb6 Rxc4 51. h7 {[%emt 0:0:41] Weighted Error Value: White=0.03 (flawless) /Black=0.46   Mistake:       	---       	Black=4      Inaccurate:     	White=2     	Black=3      OK:         	White=2     	Black=3      Best:        	---       	Black=2      Strong:       	White=1     	---} 1-0

[Event "FIDE Candidates 2026"]
[White "Sindarov,Javokhir"]
[Black "Esipenko,Andrey"]
[Site "Agios Georgios Pegeia"]
[Round "1.4"]
[Annotator "TA"]
[Result "1-0"]
[Date "2026.03.29"]
[WhiteElo "2745"]
[BlackElo "2698"]
[PlyCount "81"]
[TimeControl "60"]

1. d4 d5 2. c4 e6 3. Nf3 Nf6 4. Nc3 Be7 5. cxd5 exd5 6. Bf4 O-O 7. e3 c5 8. Bd3 Nc6 9. O-O c4 {[%emt 0:2:10] D35: Queen's Gambit Declined: Exchange Variation.} 10. Bc2 Nh5 11. Be5 f6 {[%emt 0:2:32] The position is equal.} 12. Bg3 $146 ({Predecessor:} 12. Ng5 g6 13. Nxh7 fxe5 14. Nxf8 Bxf8 15. dxe5 Be6 16. Bxg6 Ng7 17. f4 Bc5 18. f5 Bxe3+ {1-0 Olafsson,H (2510)-Einarsson,H (2215) Reykjavik op 1988 (9)} )f5 13. Be5 Be6 14. b3 Qa5 15. Ne2 b5 16. Nf4 Nxf4 17. exf4 Qd8 18. Re1 Qd7 19. Re3 Rae8 (19... a6 $5 )20. h4 h6 21. g3 a6 22. Kg2 Bf7 23. Qd2 Bb4 24. Qe2 Bh5 25. a4 Ba5 26. axb5 axb5 27. Bd1 Bxf3+ (27... Bb6 $17 {[%cal Ob6d4] And now ...Bxd4! would win.} 28. Qb2 b4 )28. Qxf3 $11 Bb6 29. Ra6 Nxd4 30. Qh5 (30. Bxd4 {simplifies} Bxd4 31. Rxe8 Rxe8 32. Qh5 )Rxe5 31. Rxe5 Qc6 (31... Bc7 $11 {remains equal.} 32. Re3 b4 )32. bxc4 bxc4 (32... dxc4+ $14 33. Bf3 Qf6 )33. Ba4 $18 Qc5 34. Qg6 {[%emt 0:0:55] Inhibits Nc6.} Ba7 (34... Bd8 $142 35. Bc6 Nxc6 )35. Re8 {[%emt 0:0:40][%cal Oa6a7] [#] Intending Rxa7! and mate.} Rxe8 36. Qxe8+ Kh7 37. Qg6+ Kg8 38. Bd7 c3 39. Qe8+ (39. Rc6 $142 Qxc6 40. Bxc6 Nxc6 41. Qxc6 )Kh7 40. Qg6+ Kg8 $1 41. Re6 {[%emt 0:2:51] Weighted Error Value: White=0.68/Black=1.21   Loses game:     	---       	Black=1      Mistake:       	---       	Black=3      Inaccurate:     	White=3     	Black=1      OK:         	White=4     	Black=4} 1-0

[Event "FIDE Candidates 2026"]
[White "Wei,Yi"]
[Black "Praggnanandhaa R"]
[Site "Agios Georgios Pegeia"]
[Round "2.1"]
[Annotator "TA"]
[Result "1/2-1/2"]
[Date "2026.03.30"]
[WhiteElo "2754"]
[BlackElo "2741"]
[PlyCount "91"]
[TimeControl "60"]

1. e4 e6 2. d4 d5 3. Nc3 Nf6 4. e5 Nfd7 5. f4 c5 6. Nf3 Nc6 7. Be3 Be7 8. Qd2 a6 9. Bd3 {[%emt 0:7:32] C11: French: Classical System: 4 e5 and 4 Bg5 dxe4.} O-O 10. O-O f6 11. exf6 {[%emt 0:22:13] The position is equal.} Nxf6 12. Kh1 ({And not} 12. dxc5 d4 13. Bf2 dxc3 14. bxc3 Qd5 $19 )b6 (12... c4 $5 13. Be2 $8 Bb4 $11 )13. Ne5 Qc7 14. Rae1 $146 ({Predecessor:} 14. Nxc6 Qxc6 15. Rae1 c4 16. Be2 b5 17. Bf3 b4 18. Ne2 {0-1 Heyn,W (1972)-Ress,J (2156) SA-2013-0-00348} )Bd6 15. Nxc6 Qxc6 16. Be2 Ra7 17. Bf3 Raf7 18. f5 c4 19. Bg5 Bb4 $1 20. Qe2 Bxc3 21. fxe6 Re7 22. bxc3 {[%emt 0:0:15] [#] Black must now prevent Bg4.} Rxe6 23. Qd2 Ne4 24. Bxe4 Rxf1+ 25. Rxf1 Rxe4 26. Bf4 Re7 27. Be5 {[%emt 0:0:22] Opposite bishops and equal position} Qg6 {[%emt 0:0:34] Prevents Qg5.} 28. Qf4 Rf7 {[%emt 0:0:23] Successful Defense Black} 29. Qxf7+ Qxf7 30. Rxf7 Kxf7 $15 {[%emt 0:0:4][%mdl 4096] Endgame KB-KB} 31. Kg1 Bf5 32. Kf2 Bxc2 33. Bc7 b5 34. a3 Ke6 35. Ke3 Kf5 36. h3 h5 37. g3 g5 38. Bd8 Bd3 39. h4 Kg4 40. Bxg5 Kxg3 41. Bd8 Be4 42. Be7 Kg2 (42... Bf5 $15 )43. Bd8 $11 Kf1 44. Kd2 (44. Kf4 $11 )Kf2 $15 45. Be7 Kf3 46. Bd8 {[%emt 0:0:4] Weighted Error Value: White=0.07 (flawless) /Black=0.03 (flawless)   Mistake:       	White=1     	Black=1      Inaccurate:     	White=2     	Black=1      OK:         	White=5     	Black=5      Strong:       	---       	Black=1} 1/2-1/2

[Event "FIDE Candidates 2026"]
[White "Sindarov,Javokhir"]
[Black "Bluebaum,Matthias"]
[Site "Agios Georgios Pegeia"]
[Round "2.2"]
[Annotator "TA"]
[Result "1/2-1/2"]
[Date "2026.03.30"]
[WhiteElo "2745"]
[BlackElo "2698"]
[PlyCount "84"]
[TimeControl "60"]

1. e4 e5 2. Nf3 Nf6 3. Nxe5 d6 4. Nd3 Nxe4 5. Qe2 Qe7 6. Nf4 {[%emt 0:0:20] C42: Petroff Defence: 3 Nxe5 and unusual White 3rd moves.} c6 {[%emt 0:3:6] Prevents Nd5.} 7. f3 Nf6 8. d4 Bf5 9. c3 Qxe2+ 10. Bxe2 h5 11. Na3 $146 ({Predecessor:} 11. Kf2 Nbd7 12. h4 O-O-O 13. Nd2 d5 14. Nf1 Bd6 15. Ng3 Bc2 16. Bd2 Nf8 17. Rac1 Bxf4 18. Bxf4 {1-0 Sivuk,V (2514)-Kacharava,N (2424) EU-ch 20th Skopje 2019 (8)} )Na6 12. Nc4 Nc7 13. Ne3 Bh7 14. h4 Kd7 15. Kf2 Re8 16. g3 Ne6 17. Nh3 d5 18. Ng5 Bg6 19. Bf1 Nh7 20. Bh3 Nhxg5 21. hxg5 Kc7 22. Nf5 ({Better is} 22. Ng2 $14 )Bxf5 $11 23. Bxf5 g6 24. Bc2 Bd6 25. Be3 Re7 26. Rae1 Rhe8 27. f4 Ng7 28. Kf3 Kd7 29. Bf2 Rxe1 30. Bxe1 Rf8 31. g4 f5 32. gxh5 Nxh5 33. Bd2 Rh8 34. Bd3 Rh7 35. Bxf5+ gxf5 {[%emt 0:0:4] The position is equal.} 36. g6 Rg7 37. Rxh5 {[%emt 0:0:9][%mdl 4096] Endgame KRB-KRB. White is a pawn up.} Ke6 $1 38. Rh6 Kf6 39. Be1 Rxg6 40. Rh7 Rg7 41. Rh6+ Rg6 42. Rh7 Rg7 {[%emt 0:0:5] Weighted Error Value: White=0.06 (flawless) /Black=0.05 (flawless)   Mistake:       	White=1     	---        Inaccurate:     	White=2     	Black=2      OK:         	White=9     	Black=10     Best:        	White=1     	Black=1      Strong:       	---       	Black=1} 1/2-1/2

[Event "FIDE Candidates 2026"]
[White "Giri,Anish"]
[Black "Caruana,Fabiano"]
[Site "Agios Georgios Pegeia"]
[Round "2.3"]
[Annotator "TA"]
[Result "1/2-1/2"]
[Date "2026.03.30"]
[WhiteElo "2753"]
[BlackElo "2795"]
[PlyCount "60"]
[TimeControl "60"]

1. d4 d5 2. c4 e6 3. Nf3 Nd7 4. g3 dxc4 5. Bg2 Rb8 6. a4 {[%emt 0:1:11] D30: Queen's Gambit Declined: Systems without Nc3.} b6 7. Nfd2 a5 $146 (7... Ba6 $11 )({Predecessor:} 7... Qf6 8. Nxc4 Bb4+ 9. Nc3 Ba6 10. Na3 Ne7 11. Nc2 Bxc3+ 12. bxc3 O-O 13. O-O e5 {½-½ Matlakov,M (2602)-Aronian,L (2756) Wch Rapid op 2025 (12)} )8. Nxc4 {[%emt 0:0:7] White is slightly better.} Ba6 9. Nba3 Bb4+ 10. Bd2 Bxa3 11. Nxa3 Ne7 12. O-O O-O {[%emt 0:7:28] Not much happening anymore} 13. b4 axb4 14. Bxb4 c5 15. Bc3 Nf5 (15... cxd4 $11 16. Qxd4 Nf5 )16. Nb5 (16. d5 $1 $14 )Bxb5 $11 {[%emt 0:11:12] The position is equal.} 17. axb5 cxd4 18. Bxd4 Nxd4 19. Qxd4 Nc5 20. Rad1 Qxd4 21. Rxd4 Rfd8 22. Rfd1 Rxd4 23. Rxd4 {[%emt 0:0:3][%mdl 4096] Endgame KRB-KRN} Kf8 24. Rd6 Ke7 25. Rc6 Rd8 26. f4 Rd6 27. Rc7+ Rd7 28. Rc6 Rd6 29. Rc7+ Rd7 30. Rc6 Rd6 {Weighted Error Value: White=0.09 (flawless) /Black=0.08 (flawless)   Mistake:       	White=1     	Black=2      OK:         	White=4     	Black=13} 1/2-1/2

[Event "FIDE Candidates 2026"]
[White "Esipenko,Andrey"]
[Black "Nakamura,Hikaru"]
[Site "Agios Georgios Pegeia"]
[Round "2.4"]
[Annotator "TA"]
[Result "1/2-1/2"]
[Date "2026.03.30"]
[WhiteElo "2698"]
[BlackElo "2810"]
[PlyCount "101"]
[TimeControl "60"]

1. c4 e6 2. g3 d5 3. Bg2 Nf6 4. Nf3 c5 5. cxd5 Nxd5 6. O-O Be7 7. d4 cxd4 8. Nxd4 O-O 9. Qb3 {[%emt 0:3:44] D02: 1 d4 d5 2 Nf3 sidelines, including 2...Nf6 3 g3 and 2...Nf6 3 Bf4.} Nc6 10. Nxc6 bxc6 11. e4 {[%emt 0:1:21] White is slightly better.} Nf6 12. h3 $146 ({Predecessor:} 12. Nc3 Qc7 13. h3 Rb8 14. Qc2 Bc5 15. Ne2 Bb6 16. Bf4 e5 17. Bg5 Nd7 18. Be7 {½-½ Javakhishvili,L (2451)-Muzychuk,A (2525) Tbilisi FIDE GP (Women) 2024 (9)} )Ba6 13. Rd1 Qb6 14. Be3 Bc5 15. Bxc5 Qxc5 16. Qc3 Qb6 17. Nd2 c5 18. b3 Rad8 19. Nc4 Bxc4 20. Qxc4 e5 21. Rac1 Rxd1+ 22. Rxd1 a5 23. Rc1 Rc8 24. Qc3 Qc7 25. h4 h6 26. Rc2 g6 27. Qe3 (27. Bf1 $16 )Qd8 28. Rd2 Qb6 29. Bf1 Kg7 30. a4 Rc6 31. Rc2 c4 32. Qxb6 ({Much weaker is} 32. Rxc4 Qxe3 33. fxe3 Rd6 $11 )Rxb6 33. Bxc4 (33. Rxc4 Rxb3 34. Rc5 Nxe4 35. Rxe5 Nd2 $16 )Nxe4 $14 {[%emt 0:0:1][%mdl 4096] Endgame KRB-KRN} 34. Re2 f5 35. f3 Nd6 (35... Nc5 $14 )36. Rxe5 $18 Nxc4 37. bxc4 {[%emt 0:0:2] KR-KR. White is a pawn up.} Rb4 38. Rxa5 Rxc4 39. Ra7+ Kf6 40. a5 (40. Ra6+ $18 Kg7 41. Kf2 )Rc3 41. Kf2 Rc2+ 42. Ke3 Rc3+ 43. Ke2 {[%emt 0:1:8] White is more active.} Rc2+ 44. Kd3 Rg2 45. Ra6+ Kf7 46. Kd4 (46. Ke3 $16 )Rxg3 $11 {[%emt 0:0:33] The position is equal.} 47. Ke5 Rxf3 48. Ra7+ Ke8 49. a6 Ra3 50. Ke6 Kd8 $1 51. Kf6 {[%emt 0:2:48] Blacks defense is rewarded with a draw.   Weighted Error Value: White=0.10 (very precise) /Black=0.10 (very precise)   Mistake:       	White=3     	Black=1      Inaccurate:     	White=2     	Black=6      OK:         	White=3     	Black=2      Best:        	---       	Black=2      Strong:       	---       	Black=1} 1/2-1/2

[Event "FIDE Candidates 2026"]
[White "Praggnanandhaa R"]
[Black "Sindarov,Javokhir"]
[Site "Agios Georgios Pegeia"]
[Round "3.1"]
[Annotator "TA"]
[Result "0-1"]
[Date "2026.03.31"]
[WhiteElo "2741"]
[BlackElo "2745"]
[PlyCount "80"]
[TimeControl "60"]

1. d4 d5 2. c4 e6 3. Nc3 Be7 4. Nf3 Nf6 5. Bf4 O-O 6. e3 c5 7. dxc5 Bxc5 8. a3 Nc6 9. Qc2 Re8 10. Bg5 {[%emt 0:4:7] D37: Queen's Gambit Declined: 5 Bf4.} d4 11. Bxf6 Qxf6 12. Ne4 {[%emt 0:1:33] The position is equal.} Qf5 13. b4 Nxb4 $146 ({Predecessor:} 13... Bf8 14. b5 Ne5 15. Nxd4 Qg6 16. g3 a6 17. Bg2 Bd7 18. bxa6 bxa6 19. c5 Rac8 {½-½ Machycek,L (2394)-Wydornik,R (2196) FIN jub50 sf11 email 2014} )14. axb4 {[%emt 0:1:4] A sharp opening} Bxb4+ 15. Kd1 (15. Ke2 {is interesting.} e5 16. Qa4 Bd7 17. Qxb4 Qxe4 18. Qb1 )dxe3 16. Bd3 Qg6 17. fxe3 f5 18. Ng3 Bc5 19. Qc3 {[%emt 0:4:8] Repels a5} e5 {[%emt 0:6:12][%mdl 1024] Black has compensation.} 20. Bc2 (20. Nxe5 $2 {perishes.} Qf6 21. Kc2 Rxe5 $19 )e4 21. Nd2 Rd8 22. Kc1 Qg5 23. Re1 Qe7 {[%emt 0:4:13] [#]} 24. Re2 (24. Qb2 $11 )Bb4 25. Qb2 a5 26. Nb3 $1 Ra6 27. Nd4 Qg5 (27... g6 $15 )28. Kb1 $11 h5 29. Ka2 h4 30. Nf1 Bd7 31. Rd1 Rc8 32. Nd2 Rb6 33. c5 Rxc5 $17 {[%emt 0:1:2] ...a4 would now be deadly.} 34. Qb3+ {[%emt 0:1:33] This move loses the game for White.} (34. Nc4 $17 Ra6 (34... Rxc4 35. Bb3 $16 )35. Nb3 Rxc4 (35... Rc7 36. Qe5 $16 )36. Rxd7 )Kh8 $19 35. Qf7 {[%emt 0:0:24] [#] Prevents Qh5.} (35. Kb1 Kh7 (35... a4 36. Qf7 $17 )36. Nc4 )Rxc2+ $1 {[%emt 0:0:2][%mdl 512] Black is clearly winning.} 36. Kb1 (36. Nxc2 Be6+ )Rxd2 37. Rdxd2 Bxd2+ 38. Ka2 Bxe3 39. Qxd7 Bxd4 40. Qxd4 Qf6 {[%emt 0:0:0] Weighted Error Value: White=0.68/Black=0.38   Loses game:     	White=1     	---        Mistake:       	White=3     	Black=1      Inaccurate:     	White=3     	Black=2      OK:         	White=3     	Black=5      Strong:       	White=1     	---        Brilliant:      	---       	Black=1} 0-1

[Event "FIDE Candidates 2026"]
[White "Caruana,Fabiano"]
[Black "Wei,Yi"]
[Site "Agios Georgios Pegeia"]
[Round "3.2"]
[Annotator "TA"]
[Result "1-0"]
[Date "2026.03.31"]
[WhiteElo "2795"]
[BlackElo "2754"]
[PlyCount "37"]
[TimeControl "60"]

1. Nf3 Nf6 2. c4 c5 3. g3 g6 4. Nc3 d5 5. cxd5 Nxd5 6. Bg2 Bg7 7. Qa4+ {[%emt 0:21:53] A34: Symmetrical English: 2 Nc3, lines with ...d5.} Nc6 8. Ng5 Nb6 $146 ({Predecessor:} 8... e6 9. Nge4 Nb6 10. Qd1 Qe7 11. d3 h6 12. Be3 Nd4 13. a4 O-O 14. a5 Nd7 15. O-O {1-0 Artemiev,V (2701)-Raja,R (2521) Qatar Masters op-A 2024 (7)} )9. Bxc6+ {[%emt 0:8:8] The position is equal.} bxc6 10. Qxc6+ Bd7 {[%emt 0:0:6] Black sacrificed a pawn A strong pair of Bishops.} 11. Qxc5 h6 12. Nf3 Rc8 $132 {[%emt 0:0:9][%cal Ba8c8,Bc8c5,Bc5e5][%mdl 2080] Black puts up resistance} 13. Qa5 Bh3 $1 14. Qb5+ Nd7 15. Rg1 O-O 16. g4 Rc5 17. Qb3 Ne5 $2 {[%emt 0:21:20][%mdl 8192] [#]} (17... Nf6 $1 $11 {and Black has nothing to worry.} )18. Nxe5 $18 Rxe5 19. Nd1 {[%emt 0:0:24] Weighted Error Value: White=0.04 (flawless) /Black=0.32   Loses game:     	---       	Black=1      Inaccurate:     	White=1     	Black=1      OK:         	White=2     	Black=4      Best:        	White=1     	---        Strong:       	---       	Black=1} 1-0

[Event "FIDE Candidates 2026"]
[White "Bluebaum,Matthias"]
[Black "Esipenko,Andrey"]
[Site "Agios Georgios Pegeia"]
[Round "3.4"]
[Annotator "TA"]
[Result "1/2-1/2"]
[Date "2026.03.31"]
[WhiteElo "2698"]
[BlackElo "2698"]
[PlyCount "81"]
[TimeControl "60"]

1. d4 d5 2. c4 e6 3. Nf3 Nf6 4. Nc3 Be7 5. cxd5 exd5 6. Bf4 O-O 7. e3 c5 8. dxc5 Bxc5 9. Be2 Nc6 10. O-O Be6 11. Rc1 Rc8 12. Bd3 {[%emt 0:0:23] D37: Queen's Gambit Declined: 5 Bf4.} h6 13. h3 a6 14. Bb1 $146 {[%emt 0:5:34] White is slightly better.} ({Predecessor:} 14. a3 Qe7 15. Bb1 Rfd8 16. Nd4 Nxd4 17. exd4 Bd6 18. Qd2 Bxf4 19. Qxf4 Nh5 20. Qe5 {½-½ Tjiam,D (2379)-Pliester,L (2374) Bussum op 2009 (5)} )Qe7 15. Re1 Rfd8 16. Re2 d4 17. exd4 Nxd4 18. Rd2 Nxf3+ 19. Qxf3 Rxd2 20. Bxd2 Rd8 21. Be3 Bxe3 22. Qxe3 Kf8 23. a3 Bd7 24. Qxe7+ Kxe7 25. Re1+ Be6 26. Ne4 b6 27. Rc1 Rd4 28. Nc3 Bc4 29. Rd1 Rxd1+ 30. Nxd1 $15 {[%emt 0:0:32][%mdl 4096] Endgame KBN-KBN} Nd5 31. Ne3 Nxe3 32. fxe3 {[%emt 0:0:2] KB-KB} g5 33. g3 {[%emt 0:1:36] The position is equal.} Kd6 34. Kf2 Ke5 35. h4 f6 36. Bc2 a5 37. Kf3 Be6 38. Bd3 Bd7 39. Bc2 Bc8 40. Bd3 Bd7 41. Bc2 {[%emt 0:0:37] Weighted Error Value: White=0.06 (flawless) /Black=0.03 (flawless)   Inaccurate:     	White=2     	---        OK:         	White=6     	Black=5} 1/2-1/2

[Event "FIDE Candidates 2026"]
[White "Sindarov,Javokhir"]
[Black "Caruana,Fabiano"]
[Site "Agios Georgios Pegeia"]
[Round "4.1"]
[Annotator "TA"]
[Result "1-0"]
[Date "2026.04.01"]
[WhiteElo "2745"]
[BlackElo "2795"]
[PlyCount "71"]
[TimeControl "60"]

1. d4 d5 2. c4 e6 3. Nf3 dxc4 4. e3 Nf6 5. Bxc4 c5 6. O-O Nc6 7. Qe2 a6 8. Nc3 b5 {[%emt 0:1:26] D28: Queen's Gambit Accepted: Classical main line: 7 Qe2 with early ...Nc6.} 9. Bd3 Bb7 10. a4 $5 {[%emt 0:0:54][%mdl 4] A promising side line.} b4 {[%emt 0:9:47] The position is equal.} 11. Ne4 Na5 12. Nxf6+ (12. Nxc5 Bxc5 13. dxc5 Nb3 $17 )gxf6 13. dxc5 $146 ({Predecessor:} 13. Rd1 Qb6 14. Rb1 c4 15. Bxc4 Nxc4 16. Qxc4 Be4 17. Ra1 Qb7 18. Ne1 Rg8 19. g3 {0-1 Turna,S (2278)-Banduka,Z (2115) SVK-ch op-A Banska Stiavnica 2007 (9.27)} )Nb3 14. c6 Bxc6 {[%emt 0:1:55] [#]} 15. Nd4 $1 Nxd4 16. exd4 Rg8 17. g3 (17. Bxa6 Rxg2+ 18. Kh1 Qd6 19. Qh5 Rxh2+ 20. Kg1 Rxh5 21. f4 Qxd4+ )f5 18. Bc4 (18. Bxf5 $2 Qd5 $19 (18... Qxd4 $2 19. Bxe6 Qe4 20. Qxe4 $18 ))Rg4 19. Be3 ({Wrong is} 19. Bxe6 $2 Re4 20. Bxf7+ Kxf7 $19 )Bd5 20. Rac1 Be7 21. Bxa6 Kf8 22. Bb5 Bf6 23. Rfd1 Kg7 {[%emt 0:0:20] [#]} 24. Bc6 $1 Ra5 25. Bxd5 Rxd5 26. Rc5 Rd7 (26... Bxd4 $16 {was necessary.} 27. Rxd5 Qxd5 )27. d5 $18 exd5 28. Qf3 Bxb2 (28... d4 $142 )29. Rcxd5 (29. Qxf5 Rg6 30. Rdxd5 (30. Rcxd5 $2 Rxd5 31. Rxd5 Qf6 $18 )Rxd5 31. Rxd5 Qf8 $18 )Rxd5 30. Rxd5 Qe8 31. Rxf5 Rg6 32. h4 Bc3 33. h5 Ra6 (33... Rd6 34. h6+ Kg8 )34. Qg4+ Kh8 35. Bd4+ f6 36. Rc5 {[%emt 0:0:11] Weighted Error Value: White=0.06 (flawless) /Black=0.65   Mistake:       	---       	Black=3      Inaccurate:     	---       	Black=5      OK:         	White=4     	Black=1      Strong:       	White=1     	---} 1-0